Description

This game has been played on ladder. This is a defensive build order (with a safe opening). I use this build order when I play versus an aggressive/all-in playstyle (like 3 Gate or 4 Gate).

Notes :

  • In PvP, the safe opening is 1 stalker / 1 sentry
  • Always check the nexus, the number of and the position of the second pylon with your probe’s scout
  • Try to check what are the 2 firsts units (2 stalkers = all-in at 80%)
  • Send your hallucination on your third before going to you opponent base to try to find a proxy
  • If you want to be safe at 100%: 2 more stalkers after the sentry/stalker then robotic facility and only expand if you see one in the natural of your opponent
  • Every chronoboost after the robotic should go on it to have enough units
  • 1 shield battery is enough if you micro a little bit
  • As soon as you defend the pressure, you can simply expand and play the macro game: You have a tech advantage and you are in a good spot. If you try to counter all-in, you can simply lose because he has many units

VOD

https://youtu.be/_eSQF2oWI2s

Replay - REDemption v zuka - Oiseau de foudre EC

Build Order

Get SALT Encoding   

  12  0:00  Probe  
  13  0:13  Probe  
  14  0:17  Pylon  
  14  0:21  Probe  
  15  0:31  Probe  
  16  0:37  Gateway  
  16  0:42  Probe  
  16  0:46  Assimilator  
  17  0:54  Probe  
  17  0:55  Assimilator  
  18  1:05  Probe  
  18  1:10  Gateway  
  19  1:14  Probe  
  20  1:22  Probe  
  20  1:24  Cybernetics Core  
  20  1:32  Probe  
  21  1:37  Pylon  
  23  1:51  Warp Gate  
  23  2:00  Stalker  
  23  2:01  Sentry  
  28  2:14  Pylon  
  28  2:22  Pylon  
  28  2:27  Stalker  
  30  2:32  Stalker  
  32  2:42  Robotics Facility  
  31  2:48  Pylon  
  31  2:59  Stalker x2  
  35  3:13  Shield Battery  
  35  3:19  Immortal  
  35  3:25  Shield Battery  
  39  3:46  Stalker x2  
  43  4:00  Immortal  
  47  4:36  Stalker  
  49  4:59  Nexus  
  49  5:06  Warp Prism  
  50  5:07  Forge  
  56  5:52  Twilight Council  
  56  6:03  Observer  
  57  6:10  Protoss Ground Weapons Level 1  
  57  6:11  Gateway  
  58  6:16  Immortal  
  60  6:24  Charge  
  64  6:42  Adept x2  
  70  7:07  Gateway  
  70  7:17  Immortal  
  70  7:22  Assimilator x2  
  73  7:31  Templar Archives  
  73  7:43  Zealot  
  75  7:47  Adept x2  
  79  7:59  Gateway  
  79  8:09  Zealot x4  
  69  8:44  Zealot x4  
Spawning Tool Build Advisor. Get it on Overwolf

Go to:

Details

  • Created by: zuka      
  • Published on: May 31, 2019
  • Modified on: May 31, 2019
  • Patch: 4.7.1
Show
View Real Time Build Order
Export as new Build Order

Comments (0)

There are no comments. Be the first!

Create an account to comment!